 Dungeon Crawl Stone Soup version 0.27-a0-686-gaed091b46b (webtiles) character file.

Game seed: 6442008252104775402

529 sahdkjhfkaj the Changer (level 7, -3/55 HPs)
             Began as a Merfolk Transmuter on Mar 20, 2021.
             Slain by a goblin
             ... wielding a +0 club
             ... led by Robin
              (11 damage)
             ... on level 4 of the Dungeon.
             The game lasted 00:06:36 (5401 turns).

sahdkjhfkaj the Changer (Merfolk Transmuter)        Turns: 5401, Time: 00:06:37

Health: -3/55      AC:  4    Str: 10    XL:     7   Next: 23%
Magic:  0/10       EV: 18    Int: 13    God:
Gold:   130        SH:  0    Dex: 16    Spells: 4/10 levels left

rFire    . . .     SeeInvis .     - Unarmed
rCold    . . .     Faith    .   (no shield)
rNeg     . . .     Spirit   .   a - +0 robe
rPois    .         Reflect  .   (no helmet)
rElec    .         Harm     .   (no cloak)
rCorr    .         Rampage  .   (no gloves)
Will     .....                  (no boots)
Stlth    +.........             (no amulet)
HPRegen  0.18/turn              l - +4 ring of evasion
MPRegen  0.12/turn              (no ring)

@: contaminated, glowing
A: (nimble swimmer 2), mertail, iridescent scales 1, camouflage 1, mutation
resistance 1
a: no special abilities


You were on level 4 of the Dungeon.
You visited 1 branch of the dungeon, and saw 4 of its levels.

You collected 130 gold pieces.

Inventory:

Armour
 a - a +0 robe (worn)
Jewellery
 l - a +4 ring of evasion (right hand)
   (You found it on level 3 of the Dungeon)
Wands
 d - a wand of charming (7)
   (You found it on level 3 of the Dungeon)
Scrolls
 b - a scroll of identify {unknown}
 c - a scroll of vulnerability {unknown}
 e - a scroll of blinking {unknown}


   Skills:
 - Level 4.4 Fighting
 - Level 4.7 Dodging
 - Level 4.3 Unarmed Combat
 - Level 2.0 Spellcasting
 + Level 6.7 Transmutations


You had 4 spell levels left.
You knew the following spells:

 Your Spells              Type           Power      Damage    Failure   Level
a - Beastly Appendage     Tmut           36%        N/A       1%          1
d - Blade Hands           Tmut           9%         N/A       41%         5

Your spell library contained the following spells:

 Spells                   Type           Power      Damage    Failure   Level
 Wereblood                Tmut           18%        N/A       2%          2
 Spider Form              Tmut/Pois      5%         N/A       19%         3
 Magic Dart               Conj           4%         1d3       26%         1
 Blink                    Tloc           N/A        N/A       36%         2
 Call Imp                 Summ           1%         N/A       36%         2
 Slow                     Hex            1%         N/A       36%         2
 Ice Form                 Ice/Tmut       10%        N/A       54%         4
 Conjure Flame            Conj/Fire      1%         6-21      58%         3
 Mephitic Cloud           Conj/Pois/Air  1%         N/A       58%         3


Dungeon Overview and Level Annotations

Branches:
Dungeon (4/15)
 Temple: D:4-7

Altars:
Kikubaaqudgha
Makhleb
Nemelex Xobeh
Sif Muna
Vehumet
Wu Jian
Yredelemnul
Zin

Annotations:
D:2 1 runed translucent door, Crazy Yiuf
D:4 Robin


Innate Abilities, Weirdness & Mutations

((You are quick and stealthy while swimming. (Stealth+, EV+, Speed+++)))
Your lower body shifts to a powerful aquatic tail in water.
You are partially covered in iridescent scales. (AC +2)
Your skin changes colour to match your surroundings (Stealth+).
You are somewhat resistant to further mutation.


Message History

Robin closely misses you.
You hit Robin.
Robin is moderately wounded.
The hobgoblin no longer looks unusually strong.
Robin roars a battlecry!
The hobgoblin goes into a battle-frenzy!
You hit Robin.
Robin is heavily wounded.
Robin hits you with a +0 mace of holy wrath.
You barely miss Robin.
Robin is heavily wounded.
Robin hits you with a +0 mace of holy wrath.
You are too injured to fight recklessly!
You are too injured to fight recklessly!
There are monsters nearby!
Unknown command.
Unknown command.
Casting: Beastly Appendage (safe; 1% risk of failure)
Confirm with . or Enter, or press ? or * to list all spells.
The spell is extremely dangerous to cast (41% risk of failure)!
Continue anyway?
You miscast Blade Hands.
You are very lightly contaminated with residual magic.
Your body is twisted painfully.
Robin barely misses you.
Casting: Blade Hands (extremely dangerous; 41% risk of failure)
Confirm with . or Enter, or press ? or * to list all spells.
The spell is extremely dangerous to cast (41% risk of failure)!
Continue anyway?
You miscast Blade Hands.
Your limbs ache and wobble like jelly.
You are contaminated with residual magic.
Robin throws the goblin at you!
* * * LOW HITPOINT WARNING * * *
The goblin hits you with a +0 club!
* * * LOW HITPOINT WARNING * * *
You aren't carrying any potions.
Okay, then.
The goblin barely misses you.
Things that are here:
a +0 club; a goblin corpse; a goblin corpse Unknown command.
The goblin hits you with a +0 club!
You die...

###......#...####
# #
....####.##....#
.#... #####
#.##..#.####......
#.##......./.....#
#.###.#.#####.#.##
#)# #.#.## ###
...##...?## ..#
.......#..# #.#
....##....@# #.#
#.........gg# #.#
#...###.###)# #.#
#...##.# ##g# #.#
#...##. ..^
#.####...##. .....
.........# ####.#
####.....# .#
##8###.####.# .


You could see Robin, a hobgoblin (strong) and a goblin (strong).

Vanquished Creatures
  Grinder (D:4)
  Sigmund (D:3)
  A bullfrog skeleton (D:4)
  A worker ant (D:4)
  4 adders
  A worm (D:2)
  3 orcs
  2 ball pythons
  5 giant cockroaches
  16 goblins
  5 hobgoblins
  16 jackals
  3 quokkas
  6 bats
  5 frilled lizards
  6 kobolds
  11 rats
87 creatures vanquished.

Notes
Turn   | Place    | Note
-------+----------+-------------------------------------------
     0 | D:1      | sahdkjhfkaj the Merfolk Transmuter began the quest for the
                  | Orb.
     0 | D:1      | Reached XP level 1. HP: 15/15 MP: 3/3
   690 | D:1      | Reached XP level 2. HP: 22/22 MP: 3/5
  1765 | D:2      | Reached XP level 3. HP: 24/29 MP: 4/6
  2523 | D:2      | Reached XP level 4. HP: 31/35 MP: 5/7
  2918 | D:2      | Found a runed translucent door.
  2919 | D:2      | Noticed Crazy Yiuf
  3511 | D:3      | Noticed Sigmund
  3519 | D:3      | Gained mutation: Your skin changes colour to match your
                  | surroundings (Stealth+). [potion of mutation]
  3519 | D:3      | Gained mutation: You are partially covered in iridescent
                  | scales. (AC +2) [potion of mutation]
  3519 | D:3      | Gained mutation: You are somewhat resistant to further
                  | mutation. [potion of mutation]
  3529 | D:3      | Killed Sigmund
  3530 | D:3      | Reached XP level 5. HP: 18/43 MP: 6/8
  3530 | D:3      | Reached XP level 6. HP: 20/49 MP: 6/9
  3736 | D:3      | Learned a level 5 spell: Blade Hands
  3781 | D:3      | Found a sparkling altar of Nemelex Xobeh.
  3787 | D:3      | Found a burning altar of Makhleb.
  3793 | D:3      | Found a basalt altar of Yredelemnul.
  3844 | D:3      | Reached skill level 3 in Transmutations
  4340 | D:3      | Found a shimmering blue altar of Sif Muna.
  4341 | D:3      | Found an ancient bone altar of Kikubaaqudgha.
  4341 | D:3      | Found a radiant altar of Vehumet.
  4442 | D:3      | Found a glowing silver altar of Zin.
  4446 | D:3      | Found an ornate altar of the Wu Jian Council.
  4733 | D:4      | Reached skill level 4 in Transmutations
  4818 | D:4      | Noticed Grinder
  5300 | D:4      | Paralysed by Grinder for 2 turns
  5308 | D:4      | Killed Grinder
  5309 | D:4      | Reached skill level 6 in Transmutations
  5309 | D:4      | Reached XP level 7. HP: 46/55 MP: 5/10
  5373 | D:4      | Noticed Robin
  5401 | D:4      | Slain by a goblin

Illustrated notes

Levels and vault maps discovered:
D:1:      denvon_arrival_waterhouse, layout_basic
D:2:      layout_loops_ring, uniq_crazy_yiuf_cottage
D:3:      layout_loops_ring, grunt_temple_overflow_magic_moments,
          minmay_overflow_temple_star_hex, uniq_sigmund
D:4:      layout_loops_ring, minmay_temple_entry_grid,
          amcnicky_mini_corridor_feature, minmay_misc_feat_four_crosses,
          uniq_grinder, uniq_robin

Skill      XL: |  1  2  3  4  5  6 |
---------------+-------------------+-----
Fighting       | 2 3 4 |  4.4
Dodging        | 3 4 |  4.7
Unarmed Combat | 4 |  4.3
Transmutations | 6 |  6.7
Spellcasting   | |  2.0

Action                   |  1- 3 |  4- 6 |  7- 9 || total
-------------------------+-------+-------+-------++-------
Melee: Unarmed           |   122 |   183 |    29 ||   334
       Headbutt          |    17 |    23 |     8 ||    48
       Punch             |     2 |     2 |       ||     4
 Cast: Beastly Appendage |    33 |    29 |     1 ||    63
       Blade Hands       |       |     1 |       ||     1
  Use: Potion            |       |     3 |       ||     3
 Stab: Sleeping          |     1 |     6 |       ||     7
Armor: Robe              |    14 |    28 |     2 ||    44
Dodge: Dodged            |    78 |   165 |    25 ||   268

Table legend: (Time is in decaauts)
 A = Elapsed time spent in this place.
 B = Non-inter-level travel time spent in this place.
 C = Inter-level travel time spent in this place.
 D = Time resting spent in this place.
 E = Time spent auto-exploring this place.
 F = Levels seen in this place.
 G = Mean time per level.
                   A        B        C        D        E       F      G
               +--------+--------+--------+--------+--------+-----+--------+
         Total |   5373 |   5283 |     90 |    461 |   4218 |   4 | 1343.2 |
       Dungeon |   5373 |   5283 |     90 |    461 |   4218 |   4 | 1343.2 |
               +--------+--------+--------+--------+--------+-----+--------+

Top non-repeatable levels by time:
     D:1: 1622 daAuts
     D:2: 1538 daAuts
     D:3: 1403 daAuts
     D:4: 809 daAuts
